 Dungeon Crawl Stone Soup version 0.31-a0-177-g4aa6249778 (webtiles) character file.

Game seed: 5427195660200529665

124 Jeffwins the Shooter (level 5, -1/36 HPs)
             Began as an Octopode Wanderer on June 18, 2023.
             Slain by a cerulean imp
             ... wielding a +2 spear
             ... summoned by Natasha
              (7 damage)
             ... on level 2 of the Dungeon on June 19, 2023.
             The game lasted 00:02:51 (1380 turns).

Jeffwins the Shooter (Octopode Wanderer)            Turns: 1380, Time: 00:02:52

Health: -1/36      AC:  1    Str: 11    XL:     5   Next: 8%
Magic:  6/6        EV: 12    Int: 19    God:
Gold:   123        SH:  0    Dex:  9    Spells: 6/6 levels left

rFire   . . .        a - +3 sling
rCold   . . .        (no shield)
rNeg    . . .        (helmet restricted)
rPois   .            (no amulet)
rElec   .            (no ring)
rCorr   .            (no ring)
SInv    .            (no ring)
Will    .....        (no ring)
Stlth   +++          (no ring)
HPRegen 0.26/turn    (no ring)
MPRegen 0.10/turn    (no ring)
                     (no ring)

%: no passive effects
@: slowed, very slow
A: almost no armour, amphibious, 8 rings, camouflage 1, gelatinous body 1,
(nimble swimmer 1), tentacles
a: no special abilities


You were on level 2 of the Dungeon.
You visited 1 branch of the dungeon, and saw 2 of its levels.

You collected 123 gold pieces.


Innate Abilities, Weirdness & Mutations

You cannot wear most types of armour.
You are amphibious.
You can wear up to eight rings at the same time.
Your skin changes colour to match your surroundings (Stealth+).
Your rubbery body absorbs attacks. (AC +1, EV +1)
((You are camouflaged when in or above water. (Stealth+)))
You have tentacles for arms and can constrict up to eight enemies at once.


   Skills:
 + Level 3.0 Fighting
 * Level 6.0 Ranged Weapons
 + Level 3.1 Stealth
 - Level 1.0 Spellcasting
 - Level 2.0 Conjurations


You had 6 spell levels left.
You didn't know any spells.
Your spell library contained the following spells:

 Spells                   Type           Power      Damage    Failure   Level
 Searing Ray              Conj           16%        2d5       12%         2
 Static Discharge         Conj/Air       8%         2-3/arc   19%         2

Inventory:

Hand Weapons
 a - a +3 sling (weapon)
Magical Staves
 e - a staff of fire
Scrolls
 b - a scroll of blinking
 c - a scroll of amnesia {unknown}
 d - a scroll of vulnerability {unknown}
 g - a scroll of brand weapon {unknown}
 i - a scroll of fear {unknown}
Potions
 f - a potion of resistance
 h - a potion of attraction {unknown}

Dungeon Overview and Level Annotations

Branches:
Dungeon (2/15)

Altars:

Annotations:
D:2 Natasha

########.. #.........
#.#######. #.##.####.
####....##...
#.......##...
#.5..........
#########............
#...@h5.........>....
####..5........#.....
#.####...##.#.....
#.........#.#..h..
#...#####.#.#####.
#.........#.# ##
#...####..#.######
#...####..#.#.....
#...........#.....


You could see Natasha and 2 cerulean imps.


Message History

Natasha stares at you and mumbles some strange words.
You resist with some effort. The cerulean imp closely misses you.
The cerulean imp hits you from afar with a +1 spear.
The cerulean imp closely misses you.
The cerulean imp hits you from afar with a +1 spear.
Natasha mumbles some strange words.
The cerulean imp misses you. Natasha casts a spell at you.
The magic dart hits you!
* * * LOW HITPOINT WARNING * * *
The cerulean imp completely misses you.
The cerulean imp hits you from afar with a +2 spear.
* * * LOW HITPOINT WARNING * * *
The cerulean imp closely misses you.
Natasha mumbles some strange words.
You feel troubled. Natasha casts a spell at you. You resist with some effort.
The cerulean imp disappears in a puff of smoke!
Natasha howls an incantation.
You feel troubled.
There is a stone staircase leading up here.
Natasha claws you.
* * * LOW HITPOINT WARNING * * *
The cerulean imp barely misses you.
The cerulean imp hits you from afar with a +2 spear.
* * * LOW HITPOINT WARNING * * *
Natasha misses you.
The cerulean imp hits you from afar with a +2 spear!
You die...

Skill      XL: |  1  2  3  4 |
---------------+-------------+-----
Stealth        | 1 2 3 |  3.1
Fighting       | 3 |  3.0
Ranged Weapons | 6 |  6.0
Spellcasting   | |  1.0
Conjurations   | |  2.0

Action                     |  1- 3 |  4- 6 || total
---------------------------+-------+-------++-------
  Melee: Unarmed           |       |     6 ||     6
         Staff             |       |     2 ||     2
         Tentacles         |       |     2 ||     2
         Constrict         |       |     1 ||     1
   Fire: Sling             |    75 |    59 ||   134
    Use: Potion            |       |     2 ||     2
 Armour: Skin              |     1 |     7 ||     8
  Dodge: Dodged            |    11 |    44 ||    55

Levels and vault maps discovered:
D:1:      saegor_arrival_simple_c, layout_rooms, ebering_ecumenical_altar_hall,
          minmay_tree_intersection
D:2:      layout_basic, grunt_decor_arrowhead, minmay_indecisive_spiral,
          uniq_natasha, uniq_jessica

Notes
Turn   | Place    | Note
-------+----------+-------------------------------------------
     0 | D:1      | Jeffwins the Octopode Wanderer began the quest for the Orb.
     0 | D:1      | Jeffwins set off with the following items: a +3 sling, a
                  | scroll of blinking; and the following spells available to
                  | memorise: Searing Ray, Static Discharge.
     0 | D:1      | Reached XP level 1. HP: 14/14 MP: 2/2
    31 | D:1      | HP: 1/14 [quokka (3)]
   216 | D:1      | Reached skill level 1 in Stealth
   216 | D:1      | Reached XP level 2. HP: 19/19 MP: 3/3
   374 | D:1      | Found a faded altar of an unknown god.
   539 | D:2      | Identified a +1 robe of resistance
   539 | D:2      | Noticed Jessica
   543 | D:2      | Killed Jessica
   544 | D:2      | Reached skill level 2 in Stealth
   544 | D:2      | Reached XP level 3. HP: 21/25 MP: 4/4
   722 | D:2      | Reached XP level 4. HP: 30/30 MP: 5/5
   879 | D:2      | Noticed Natasha
   897 | D:2      | Identified 2 potions of resistance
   900 | D:2      | Killed Natasha
   957 | D:2      | Noticed Natasha
   993 | D:2      | Killed Natasha
   994 | D:2      | Reached skill level 3 in Fighting
   994 | D:2      | Reached skill level 6 in Ranged Weapons
   994 | D:2      | Reached skill level 3 in Stealth
  1082 | D:2      | Reached XP level 5. HP: 10/36 MP: 6/6
  1364 | D:2      | Noticed Natasha
  1380 | D:2      | Slain by a cerulean imp

Vanquished Creatures
  Jessica (D:2)
  Natasha (twice) (D:2)
  An adder (D:2)
  2 worms (D:2)
  A dart slug (D:2)
  A ball python (D:1)
  5 bats (D:2)
  An endoplasm (D:2)
  3 giant cockroaches
  A goblin (D:1)
  2 hobgoblins (D:1)
  3 jackals (D:2)
  3 quokkas
  2 frilled lizards
  4 rats
32 creatures vanquished.

Table legend: (Time is in decaauts)
 A = Elapsed time spent in this place.
 B = Non-inter-level travel time spent in this place.
 C = Inter-level travel time spent in this place.
 D = Time resting spent in this place.
 E = Time spent auto-exploring this place.
 F = Levels seen in this place.
 G = Mean time per level.
                   A        B        C        D        E       F      G
               +--------+--------+--------+--------+--------+-----+--------+
         Total |   1400 |   1366 |     34 |      0 |   1071 |   2 |  700.0 |
       Dungeon |   1400 |   1366 |     34 |      0 |   1071 |   2 |  700.0 |
               +--------+--------+--------+--------+--------+-----+--------+

Top non-repeatable levels by time:
     D:2: 978 daAuts
     D:1: 422 daAuts

Table legend:
 A = Non-vault XP
 B = Vault XP
 C = Vault XP percentage of total XP
 D = Non-vault monster count
 E = Vault monster count
 F = Vault count percentage of total count
                 A         B        C        D         E       F
            +---------+---------+-------+---------+---------+-------
      Total |      97 |      81 |  45.5 |      26 |       6 |  18.8
            +---------+---------+-------+---------+---------+-------
        D:1 |      18 |       0 |   0.0 |      11 |       0 |   0.0
        D:2 |      79 |      81 |  50.6 |      15 |       6 |  28.6
            +---------+---------+-------+---------+---------+-------
